 Dungeon Crawl Stone Soup version 0.28-a0-863-g8cecda6153 (webtiles) character file.

Game seed: 6080953202808837126

51975 1994 the Geomancer (level 15, -4/113 HPs)
             Began as a Formicid Earth Elementalist on Nov 19, 2021.
             Was a Follower of Uskayaw.
             Slain by a catoblepas (8 damage)
             ... while petrified by a catoblepas
             ... on level 6 of the Lair of Beasts.
             The game lasted 01:05:52 (23392 turns).

1994 the Geomancer (Formicid Earth Elementalist)   Turns: 23392, Time: 01:05:52

Health: -4/113     AC:  8    Str: 12    XL:     15   Next: 4%
Magic:  27/27      EV:  2    Int: 25    God:    Uskayaw [*.....]
Gold:   829        SH:  0    Dex: 11    Spells: 21/31 levels left

rFire   + + .      SeeInvis +   a - +7 lajatang "Paheguche" {venom, Fragile rElec rC++ Int+3}
rCold   + + .      Faith    .   D - +0 kite shield
rNeg    + + +      Spirit   .   b - +2 leather armour {Will+}
rPois   ∞          Reflect  .   (helmet unavailable)
rElec   +          Harm     .   m - +0 cloak
rCorr   .          Rampage  .   y - +1 pair of gloves "Leus" {rF++}
Will    ++...                   (no boots)
Stlth   ++++......              z - amulet of regeneration
HPRegen 1.28/turn               (no ring)
MPRegen 0.20/turn               (no ring)

@: petrified
A: permanent stasis, dig shafts and tunnels, antennae 3, four strong arms
a: Dig, Shaft Self, Renounce Religion, Stomp


You were on level 6 of the Lair of Beasts.
You worshipped Uskayaw.
Uskayaw was aware of your devotion.
You visited 3 branches of the dungeon, and saw 18 of its levels.

You collected 1329 gold pieces.
You spent 500 gold pieces at shops.

Inventory:

Hand Weapons
 a - the +7 lajatang "Paheguche" (weapon) {venom, Fragile rElec rC++ Int+3}
   (You acquired it on level 6 of the Dungeon)

   It poisons the flesh of those it strikes.
   Int:       It affects your intelligence (+3).
   rC:        It greatly protects you from cold.
   rElec:     It insulates you from electricity.
   Fragile:   It will be destroyed if unequipped.
Missiles
 c - 375 stones (quivered)
 g - 3 throwing nets
 w - 3 curare-tipped darts
 x - 77 poisoned darts
Armour
 b - a +2 leather armour of willpower (worn)
 m - a +0 cloak (worn)
 y - the +1 pair of gloves "Leus" (worn) {rF++}
   (You found it on level 5 of the Dungeon)

   rF:        It greatly protects you from fire.
 C - +0 acid dragon scales
 D - a +0 kite shield (worn)
 G - a +1 robe of cold resistance
 J - a +0 troll leather armour
Magical Staves
 q - a staff of poison
Jewellery
 z - an amulet of regeneration (around neck)
 P - a ring of protection from cold
Wands
 p - a wand of iceblast (28)
 r - a wand of flame (129)
 A - a wand of acid (9)
 K - a wand of mindburst (17)
 L - a wand of paralysis (12)
Scrolls
 h - 2 scrolls of magic mapping
 n - a scroll of blinking {unknown}
 s - a scroll of fear
 t - a scroll of fog
 B - a scroll of immolation
 E - a scroll of summoning
 H - a scroll of holy word
 I - 3 scrolls of acquirement
 N - 2 scrolls of vulnerability
 Q - a scroll of enchant armour {unknown}
Potions
 d - 3 potions of might
 e - 7 potions of curing
 f - 4 potions of brilliance
 j - 6 potions of heal wounds
 k - 3 potions of ambrosia
 l - 2 potions of invisibility
 o - 4 potions of lignification
 u - 2 potions of attraction
 v - 4 potions of flight
 O - a potion of magic
Miscellaneous
 F - a phantom mirror
 M - a box of beasts


   Skills:
 * Level 9.2 Fighting
 * Level 9.4 Staves
 + Level 2.2 Armour
 + Level 2.8 Dodging
 + Level 11.0 Stealth
 - Level 9.0 Shields
 + Level 8.8 Spellcasting
 + Level 9.1 Conjurations
 - Level 6.0 Transmutations
 + Level 12.4 Earth Magic
 * Level 9.5 Invocations


You had 21 spell levels left.
You knew the following spells:

 Your Spells              Type           Power      Damage    Failure   Level
a - Sandblast             Erth           100%       2d20      1%          1
b - Passwall              Tmut/Erth      45%        N/A       1%          2
c - Stone Arrow           Conj/Erth      100%       3d13      1%          3
d - Petrify               Tmut/Erth      54%        N/A       1%          4

Your spell library contained the following spells:

 Spells                   Type           Power      Damage    Failure   Level
 Static Discharge         Conj/Air       33%        N/A       1%          2
 Dazzling Flash           Conj/Hex       66%        N/A       3%          3
 Slow                     Hex            44%        N/A       7%          1
 Irradiate                Conj/Tmut      24%        3d21      9%          5
 Blade Hands              Tmut           20%        N/A       17%         5
 Confusing Touch          Hex            11%        N/A       22%         3
 Tukima's Dance           Hex            11%        N/A       22%         3
 Lightning Bolt           Conj/Air       16%        1d30      30%         5
 Yara's Violent Unravell  Hex/Tmut       13%        3d7       50%         5
 Airstrike                Air            5%         N/A       56%         4
 Passage of Golubria      Tloc           11%        N/A       56%         4
 Summon Lightning Spire   Summ/Air       11%        N/A       56%         4
 Agony                    Necr           11%        N/A       89%         5
 Silence                  Hex/Air        5%         N/A       89%         5
 Dragon Form              Tmut           20%        N/A       99%         7
 Maxwell's Capacitive Co  Air            5%         ∞         100%        8


Dungeon Overview and Level Annotations

Branches:
Dungeon (11/15)            Temple (1/1) D:6            Lair (6/6) D:11
 Shoals (0/4) Lair:4       Spider (0/4) Lair:4        Slime (0/5) Lair:6
    Orc (0/2) D:9

Altars:
Ashenzari
Cheibriados
Gozag
Hepliaklqana
Kikubaaqudgha
Makhleb
Nemelex Xobeh
Qazlal
Ru
Uskayaw
Wu Jian
Xom
Yredelemnul
Jiyva

Shops:
D:6 !   D:8 =

Annotations:
D:10 2 transporters, Heedrag's ghost, journeyman MiFi
D:11 2 transporters, 1994's ghost, journeyman OgBe
Lair:3 3 runed translucent doors, Tutuygh's ghost, journeyman KoWr
Lair:6 1 runed translucent door, exclusion: 3 doors, Htamos's ghost, journeyman SpMo


Innate Abilities, Weirdness & Mutations

You cannot be hasted, slowed, berserked, paralysed or teleported.
You can dig through walls and to a lower floor.
You have a pair of large antennae on your head. (SInv)
Your four strong arms can wield two-handed weapons with a shield.


Message History

Unknown command.
Unknown command.
Unknown command.
The yak gores you but does no damage.
Your limbs are stiffening.
Unknown command.
Unknown command.
Unknown command.
Unknown command.
Unknown command.
You hit the catoblepas.
The catoblepas is lightly wounded.
The catoblepas breathes a plume of calcifying dust at you.
The blast of calcifying dust hits you but does no damage.
The yak gores you. The catoblepas gores you!!
You have turned to stone.
You are engulfed in calcifying dust.
The yak gores you but does no damage. The catoblepas gores you!!
You are engulfed in calcifying dust.
The yak gores you. The catoblepas gores you!!
You are engulfed in calcifying dust.
The yak gores you but does no damage. The catoblepas gores you!
* * * LOW HITPOINT WARNING * * *
You are engulfed in calcifying dust.
The yak gores you!
* * * LOW HITPOINT WARNING * * *
The catoblepas gores you!
* * * LOW HITPOINT WARNING * * *
The yak gores you but does no damage.
The catoblepas breathes a plume of calcifying dust at you.
The blast of calcifying dust hits you!
* * * LOW HITPOINT WARNING * * *
You are engulfed in calcifying dust.
The yak completely misses you. The catoblepas gores you!
* * * LOW HITPOINT WARNING * * *
You are engulfed in calcifying dust.
The water moccasin is no longer petrified.
The yak gores you. The catoblepas gores you!!
* * * LOW HITPOINT WARNING * * *
You are engulfed in calcifying dust.
The yak gores you!
* * * LOW HITPOINT WARNING * * *
The catoblepas gores you!
You die...

............................#
..................)........##
............................#
.......... ....###...P......#
.........###...#§...........#
.........#...............)..♣
..............§.............P
...........S......#.......P..
...........Y@.....##.###.....
............Y..........#...P.#
...............##.#...........
..........###...# # ........#.
..........#{##..# #....#...#..
..........+_{#..##......P....♣
.......#..#[##...............#
..#.......###................#
.......?#†##.................#


You could see a catoblepas, a yak and a water moccasin.

Vanquished Creatures
  Nessos (Lair:6)
  Snorg (Lair:6)
  Fannar (D:10)
  5 hydras
  2 boulder beetles
  A catoblepas (Lair:2)
  2 two-headed ogres
  3 death yaks (D:10)
  Urug (Lair:6)
  A wizard (D:11)
  An oklob plant (Lair:5)
  3 manticores
  4 black mambas
  Joseph (D:8)
  A merfolk siren (Lair:4)
  30 elephants
  4 torpor snails (Lair:4)
  2 rime drakes
  An unseen horror (D:11)
  16 cane toads
  8 komodo dragons
  A jumping spider (Lair:4)
  5 polar bears
  2 trolls (D:11)
  8 wyverns
  A redback (Lair:4)
  A vampire (D:11)
  2 wraiths
  34 yaks
  A steam dragon (D:8)
  4 basilisks
  4 vampire mosquitoes
  4 acid dragons
  Menkaure (D:4)
  21 water moccasins
  An ice beast (D:7)
  2 sky beasts (D:5)
  A hornet zombie (D:5)
  3 orc warriors
  A black bear (D:6)
  3 centaurs (D:11)
  An ogre (D:3)
  A necrophage (D:8)
  5 wolves (Lair:4)
  A phantom (D:6)
  14 bullfrogs
  2 kobold brigands
  A gnoll sergeant (D:10)
  3 scorpions
  A wyvern skeleton (D:6)
  3 killer bees (D:9)
  17 wights
  5 electric eels
  A howler monkey (D:11)
  A bullfrog zombie (D:5)
  7 centaur zombies
  7 orc priests
  2 jellies (D:6)
  An iguana (D:5)
  7 orc wizards
  8 hell rats
  17 gnolls
  6 adders
  2 shadow imps (D:8)
  A white imp (D:7)
  2 ufetubi
  An adder skeleton (D:2)
  3 worms
  2 dart slugs
  33 orcs
  A ball python (D:4)
  6 endoplasms
  6 giant cockroaches
  5 goblins
  7 hobgoblins
  15 kobolds
  8 quokkas
  8 bats
  3 frilled lizards
  6 rats
  A spectral kobold (D:4)
  A bush (Lair:5)
411 creatures vanquished.

Vanquished Creatures (others)
  A bush (Lair:1)
  36 fungi
  94 plants
  19 withered plants (Lair:6)
150 creatures vanquished.

Grand Total: 561 creatures vanquished

Notes
Turn   | Place    | Note
-------+----------+-------------------------------------------
     0 | D:1      | 1994 the Formicid Earth Elementalist began the quest for
                  | the Orb.
     0 | D:1      | Reached XP level 1. HP: 13/13 MP: 3/3
   421 | D:1      | Reached XP level 2. HP: 4/19 MP: 1/5
   778 | D:1      | Learned a level 2 spell: Passwall
   779 | D:1      | Found a faded altar of an unknown god.
  1139 | D:2      | Reached XP level 3. HP: 25/25 MP: 6/6
  1338 | D:2      | Reached skill level 1 in Conjurations
  1358 | D:2      | Reached skill level 4 in Earth Magic
  1362 | D:2      | Learned a level 3 spell: Stone Arrow
  1464 | D:2      | Reached skill level 1 in Staves
  1822 | D:3      | Reached XP level 4. HP: 31/31 MP: 4/7
  2809 | D:3      | Reached skill level 1 in Fighting
  2809 | D:3      | Reached XP level 5. HP: 30/37 MP: 4/8
  3191 | D:3      | Found a sparkling altar of Nemelex Xobeh.
  3243 | D:3      | Found an ancient bone altar of Kikubaaqudgha.
  3341 | D:4      | Found a sacrificial altar of Ru.
  3518 | D:4      | Noticed a yak
  3518 | D:4      | Noticed a yak
  3584 | D:4      | Noticed an ogre
  3671 | D:4      | Noticed Menkaure
  3803 | D:3      | Killed an ogre
  3804 | D:3      | Reached XP level 6. HP: 44/44 MP: 7/10
  3927 | D:4      | Found a hazy altar of Hepliaklqana.
  3982 | D:4      | Reached skill level 5 in Earth Magic
  4001 | D:4      | Killed Menkaure
  4002 | D:4      | Reached XP level 7. HP: 50/50 MP: 6/11
  4275 | D:4      | Noticed a yak
  4330 | D:5      | Entered Level 5 of the Dungeon
  4434 | D:5      | Learned a level 4 spell: Petrify
  4443 | D:5      | Found an ornate altar of the Wu Jian Council.
  4451 | D:5      | Noticed a spectral centipede
  4451 | D:5      | Noticed a spectral black mamba
  4451 | D:5      | Noticed a spectral cane toad
  5036 | D:5      | Reached XP level 8. HP: 57/57 MP: 4/13
  5197 | D:5      | Reached skill level 6 in Earth Magic
  5810 | D:5      | You fall into a shaft and drop 1 floor!
  5810 | D:6      | Found a hide-covered altar of Uskayaw.
  5813 | D:6      | Became a worshipper of Uskayaw the Reveller
  5843 | D:6      | Reached * piety under Uskayaw
  5984 | D:6      | Reached ** piety under Uskayaw
  6077 | D:6      | Found a staircase to the Ecumenical Temple.
  6113 | Temple   | Entered the Ecumenical Temple
  6233 | D:6      | Reached skill level 1 in Invocations
  6752 | D:6      | Noticed a wyvern
  6756 | D:6      | Killed a wyvern
  6756 | D:6      | Reached *** piety under Uskayaw
  6757 | D:6      | Reached XP level 9. HP: 48/64 MP: 3/15
  6950 | D:6      | Reached skill level 5 in Stealth
  6971 | D:6      | Found Wegot's Distillery.
  6975 | D:6      | Bought a potion of curing for 30 gold pieces
  6975 | D:6      | Bought a potion of degeneration for 10 gold pieces
  6976 | D:6      | Bought 2 potions of flight for 60 gold pieces
  6985 | D:6      | Bought 2 potions of heal wounds for 100 gold pieces
  7043 | D:6      | Identified 2 scrolls of acquirement
  7043 | D:6      | Acquired the +7 lajatang "Paheguche" {venom, Fragile rElec
                  | rC++ Int+3}
  7047 | D:6      | Acquired 553 gold pieces
  7075 | D:7      | Reached skill level 7 in Earth Magic
  7836 | D:5      | Identified the +1 pair of gloves "Leus" {rF++}
  8080 | D:4      | Reached **** piety under Uskayaw
  8089 | D:4      | Reached skill level 5 in Conjurations
  8294 | D:7      | Reached XP level 10. HP: 71/71 MP: 6/16
  8298 | D:7      | Reached skill level 8 in Earth Magic
  8302 | D:7      | Reached ***** piety under Uskayaw
  8734 | D:7      | Found a stormy altar of Qazlal.
  8745 | D:7      | Reached skill level 5 in Staves
  9456 | D:8      | Reached skill level 5 in Spellcasting
  9537 | D:8      | Reached skill level 5 in Transmutations
  9796 | D:8      | Noticed Joseph
 10527 | D:8      | Found Xiklagim's Jewellery Shoppe.
 10537 | D:8      | Killed Joseph
 10560 | D:8      | Bought an amulet of regeneration for 300 gold pieces
 10781 | D:9      | Reached skill level 9 in Earth Magic
 11064 | D:9      | Noticed a manticore
 11073 | D:9      | Killed a manticore
 11074 | D:9      | Reached skill level 5 in Fighting
 11074 | D:9      | Reached XP level 11. HP: 48/79 MP: 1/19
 11250 | D:9      | Reached skill level 1 in Armour
 11669 | D:9      | Noticed a two-headed ogre
 11675 | D:9      | Killed a two-headed ogre
 11755 | D:9      | Reached skill level 5 in Invocations
 12053 | D:9      | Found a staircase to the Orcish Mines.
 12203 | D:10     | Entered Level 10 of the Dungeon
 12282 | D:10     | Found a transporter.
 12282 | D:10     | Noticed a phantasmal warrior
 12290 | D:10     | Noticed a skeletal warrior
 12291 | D:10     | Noticed Heedrag's ghost (journeyman MiFi)
 12294 | D:10     | Found a transporter.
 12388 | D:10     | Found a broken altar of Ashenzari.
 12620 | D:10     | Found a burning altar of Makhleb.
 12840 | D:10     | Reached skill level 1 in Shields
 13160 | D:10     | Noticed Fannar
 13178 | D:10     | Killed Fannar
 13507 | D:11     | Noticed a death yak
 13522 | D:11     | Noticed a death yak
 13530 | D:11     | Noticed a death yak
 13552 | D:10     | Killed a death yak
 13570 | D:10     | Killed a death yak
 13571 | D:10     | Reached skill level 10 in Earth Magic
 13645 | D:10     | Killed a death yak
 13646 | D:10     | Reached XP level 12. HP: 61/87 MP: 17/21
 13698 | D:11     | Found a staircase to the Lair.
 13831 | D:11     | Found a basalt altar of Yredelemnul.
 14039 | D:11     | Noticed a boulder beetle
 14054 | D:11     | Killed a boulder beetle
 14224 | D:11     | Found a transporter.
 14227 | D:11     | Noticed 1994's ghost (journeyman OgBe)
 14229 | D:11     | Found a transporter.
 14643 | D:11     | Reached skill level 5 in Shields
 14972 | D:11     | Noticed a two-headed ogre
 14975 | D:11     | Killed a two-headed ogre
 15304 | Lair:1   | Entered Level 1 of the Lair of Beasts
 15747 | Lair:1   | Reached XP level 13. HP: 86/95 MP: 21/23
 16212 | Lair:2   | Reached skill level 11 in Earth Magic
 16508 | Lair:2   | Noticed a catoblepas
 16527 | Lair:2   | Killed a catoblepas
 16625 | Lair:2   | Noticed an eight-headed hydra
 16631 | Lair:2   | Killed an eight-headed hydra
 16851 | Lair:2   | Noticed an eight-headed hydra
 18229 | Lair:2   | Killed an eight-headed hydra
 18318 | Lair:3   | Noticed a six-headed hydra
 18417 | Lair:3   | Found a sparkling altar of Nemelex Xobeh.
 18656 | Lair:3   | Noticed Tutuygh's ghost (journeyman KoWr)
 18674 | Lair:3   | Killed a six-headed hydra
 19505 | Lair:3   | Found a runed translucent gate.
 19505 | Lair:3   | Found a runed translucent gate.
 19505 | Lair:3   | Found a runed translucent gate.
 19516 | Lair:3   | Noticed a minotaur
 19534 | Lair:3   | Noticed a seven-headed hydra
 19545 | Lair:3   | Killed a seven-headed hydra
 20039 | Lair:4   | Found a snail-covered altar of Cheibriados.
 20209 | Lair:4   | Reached XP level 14. HP: 99/104 MP: 25/25
 20246 | Lair:4   | Reached skill level 10 in Stealth
 20295 | Lair:4   | Found a hole to the Spider Nest.
 21010 | Lair:4   | Found a staircase to the Shoals.
 21722 | Lair:5   | Reached skill level 12 in Earth Magic
 21723 | Lair:5   | Identified the +7 plate armour of Koutt {rElec Int+6 Dex-4}
 22063 | Lair:5   | Found an opulent altar of Gozag.
 22369 | Lair:6   | Entered Level 6 of the Lair of Beasts
 22382 | Lair:6   | Noticed Urug
 22386 | Lair:6   | Noticed Nessos
 22780 | Lair:6   | Found a staircase to the Slime Pits.
 22780 | Lair:6   | Found a viscous altar of Jiyva.
 22983 | Lair:6   | Noticed a dire elephant
 22984 | Lair:6   | Noticed a dire elephant
 22984 | Lair:6   | Noticed a dire elephant
 22986 | Lair:6   | Noticed a dire elephant
 23079 | Lair:6   | Killed Urug
 23141 | Lair:6   | Noticed Snorg
 23155 | Lair:6   | Killed Snorg
 23156 | Lair:6   | Reached XP level 15. HP: 97/113 MP: 12/27
 23179 | Lair:6   | Killed Nessos
 23336 | Lair:6   | Found a runed translucent door.
 23337 | Lair:6   | Found a shimmering altar of Xom.
 23337 | Lair:6   | Noticed Htamos's ghost (journeyman SpMo)
 23392 | Lair:6   | HP: 4/113 [yak (5)]
 23392 | Lair:6   | Slain by a catoblepas

Illustrated notes

Levels and vault maps discovered:
D:1:      lemuel_arrival_hallway, layout_basic,
          dreamdust_ecumenical_altar_grove, kennysheep_crisscross,
          minmay_misc_feat_secret_circle
D:2:      layout_basic
D:3:      layout_basic, mainiacjoe_overflow_big_doors, serial_corexii_hall,
          corexii_hall_statues_x, corexii_hall_statues_deadend, fountainhead
D:4:      layout_basic, nicolae_hepliaklqana_monster_ancestors,
          hangedman_ru_absence, uniq_menkaure
D:5:      layout_loops_corners, pdpol_wu_jian_five_deadly_venoms
D:6:      layout_loops_cross, mainiacjoe_overflow_alcove_1,
          minmay_temple_entry_statues, serial_shops, nicolae_stop_n_shop_2
D:7:      layout_loops_corners, nicolae_qazlal_style_of_elements,
          hangedman_decor_lopped
D:8:      layout_rooms, serial_shops, nicolae_shop_waterfront, minmay_holes,
          dk_noncrumbling_3, minivault_27, uniq_joseph
D:9:      kennysheep_blocky_hall, layout_basic, orc_0_dummy, minivault_26
D:10:     layout_basic, bloody_makhleb, mainiacjoe_overflow_tiny_flanked,
          gammafunk_ghost_arena, uniq_fannar
D:11:     kennysheep_windowed_halls, layout_irregular_city, dpeg_lair_monsters,
          gammafunk_ghost_hive, lemuel_zombie_altar_yredelemnul
Temple:   dshaligram_water_room_temple
Lair:1:   layout_chaotic_city, grunt_megastairs_2
Lair:2:   layout_roguey, st_stairs_8
Lair:3:   layout_layer_cave, basic_altar, maelrawn_ghost_gauntlet_escape,
          infiniplex_staircase_pool
Lair:4:   layout_gridlike, minmay_shoals_entry_lonely_mermaid,
          spider_nest_entry_a, kennysheep_snail_temple
Lair:5:   layout_regular_city, serial_bayou, serial_bayou_lake_a,
          serial_bayou_pond_e, serial_bayou_pond_a, serial_bayou_lagoon_a,
          st_stairs_4, hangedman_lair_unloving_vines,
          chequers_serial_rivers_marsh, lemuel_oklob_altar
Lair:6:   due_jungle_book, layout_gridlike, slime_altar_1, ebering_ghost_xom,
          st_stairs_6, hellmonk_guarded_unrand_seven_league_boots, uniq_nessos,
          uniq_snorg, uniq_urug

Skill      XL: |  1  2  3  4  5  6  7  8  9 10 11 12 13 14 |
---------------+-------------------------------------------+-----
Conjurations   | 1 2 3 4 5 6 7 8 9 |  9.1
Earth Magic    | 4 5 6 7 9 10 11 12 | 12.4
Staves         | 1 2 3 4 5 6 7 8 9 |  9.4
Fighting       | 1 2 3 4 5 6 7 9 |  9.2
Stealth        | 3 4 5 6 7 8 9 11 | 11.0
Transmutations | 2 3 4 5 6 |  6.0
Spellcasting   | 3 4 5 6 7 8 |  8.8
Invocations    | 1 3 4 5 6 8 9 |  9.5
Dodging        | 2 |  2.8
Armour         | 1 2 |  2.2
Shields        | 3 6 8 9 |  9.0

Action                   |  1- 3 |  4- 6 |  7- 9 | 10-12 | 13-15 || total
-------------------------+-------+-------+-------+-------+-------++-------
Melee: Mace              |    23 |       |       |       |       ||    23
       Whip              |    27 |       |       |       |       ||    27
       Spear             |    50 |   100 |    32 |       |       ||   182
       Lajatang          |       |       |    49 |   268 |   433 ||   750
Throw: Boomerang         |       |     1 |       |       |       ||     1
       Stone             |       |       |       |     1 |       ||     1
 Cast: Sandblast         |    17 |    43 |    36 |    15 |    35 ||   146
       Stone Arrow       |       |     2 |    59 |   138 |   113 ||   312
       Petrify           |       |       |     1 |     2 |    22 ||    25
Invok: Line Pass         |       |       |       |       |     3 ||     3
       Stomp             |       |       |       |       |     1 ||     1
 Abil: Dig               |       |     1 |     4 |     9 |    11 ||    25
Evoke: Wand              |       |       |       |       |    11 ||    11
  Use: Scroll            |       |       |     9 |     8 |     6 ||    23
 Stab: Sleeping          |     6 |     5 |     4 |     1 |     9 ||    25
       Paralysed         |       |       |     3 |    11 |    22 ||    36
       Petrified         |       |       |     1 |     5 |    20 ||    26
       Distracted        |       |       |       |     1 |     1 ||     2
       Confused          |       |       |       |       |     2 ||     2
Armor: Robe              |    25 |    16 |    13 |    12 |       ||    66
       Steam dragon scal |       |       |       |     2 |       ||     2
       Leather armour    |       |       |       |   107 |   104 ||   211
Dodge: Dodged            |    58 |    63 |    60 |   145 |   150 ||   476
Block: Kite shield       |       |       |       |   106 |   201 ||   307

Table legend: (Time is in decaauts)
 A = Elapsed time spent in this place.
 B = Non-inter-level travel time spent in this place.
 C = Inter-level travel time spent in this place.
 D = Time resting spent in this place.
 E = Time spent auto-exploring this place.
 F = Levels seen in this place.
 G = Mean time per level.
                   A        B        C        D        E       F      G
               +--------+--------+--------+--------+--------+-----+--------+
         Total |  23543 |  22493 |   1050 |   6499 |   9808 |  18 | 1307.9 |
       Dungeon |  15317 |  14503 |    814 |   4977 |   5639 |  11 | 1392.5 |
        Temple |     90 |     90 |      0 |     86 |      0 |   1 |   90.0 |
          Lair |   8136 |   7900 |    236 |   1436 |   4169 |   6 | 1356.0 |
               +--------+--------+--------+--------+--------+-----+--------+

Top non-repeatable levels by time:
  Lair:2: 2197 daAuts
     D:5: 1961 daAuts
    D:11: 1842 daAuts
  Lair:3: 1558 daAuts
     D:7: 1463 daAuts
     D:8: 1419 daAuts
     D:6: 1379 daAuts
     D:9: 1359 daAuts
     D:3: 1338 daAuts
  Lair:5: 1323 daAuts
    D:10: 1296 daAuts
     D:2: 1288 daAuts
  Lair:4: 1261 daAuts
     D:4: 1071 daAuts
  Lair:6: 901 daAuts
